 Dungeon Crawl Stone Soup version 0.22-a0-596-gfbd32a6 (webtiles) character file.

3680 Mamutox the Covert (level 9, 0/39 HPs)
             Began as a Spriggan Enchanter on July 5, 2018.
             Was an Initiate of Gozag.
             Slain by an orc warrior
             ... wielding a +0 scimitar
              (28 damage)
             ... on level 8 of the Dungeon.
             The game lasted 00:30:29 (7966 turns).

Mamutox the Covert (Spriggan Enchanter)             Turns: 7966, Time: 00:30:30

Health: 0/39       AC:  2    Str:  4    XL:     9   Next: 90%
Magic:  18/21      EV: 24    Int: 19    God:    Gozag
Gold:   720        SH:  0    Dex: 17    Spells: 11/23 levels left

rFire    . . .     SeeInvis +   v - +0 dagger (speed)
rCold    . . .     Gourm    .   (shield restricted)
rNeg     + . .     Faith    .   b - +0 robe
rPois    .         Spirit   .   (helmet restricted)
rElec    .         Reflect  .   (no cloak)
rCorr    .         Harm     .   (gloves unavailable)
MR       +....                  (boots unavailable)
Stlth    +++++.....             (no amulet)
HPRegen  0.13/turn              e - ring of stealth
MPRegen  0.17/turn              j - ring of positive energy

@: gold aura, very quick
A: very small, unfitting armour, see invisible, herbivore, speed 3, slow
metabolism 2
a: Potion Petition, Call Merchant, Bribe Branch, Renounce Religion


You were on level 8 of the Dungeon.
You worshipped Gozag.
Gozag was pleased with you.
You were not hungry.

You visited 2 branches of the dungeon, and saw 9 of its levels.

You collected 814 gold pieces.
You paid 94 gold pieces to Gozag.

Inventory:

Hand Weapons
 a - a +1 dagger
 v - a +0 dagger of speed (weapon)
Missiles
 w - 15 tomahawks (quivered)
 C - 7 needles of paralysis
 D - 10 poisoned needles
Armour
 b - a +0 robe (worn)
Jewellery
 e - a ring of stealth (left hand)
 j - a ring of positive energy (right hand)
 x - a cursed amulet of faith {unknown}
 G - an uncursed ring of protection from cold {unknown}
Wands
 u - a wand of paralysis (13)
 B - a wand of acid (8)
 E - a wand of flame (43)
Scrolls
 f - 4 scrolls of remove curse {unknown}
 g - 3 scrolls of identify {unknown}
 i - a scroll of blinking {unknown}
 m - 3 scrolls of immolation {unknown}
 y - a scroll of fear {unknown}
 z - 2 scrolls of enchant armour {unknown}
 A - a scroll of magic mapping {unknown}
 F - a scroll of noise {unknown}
Potions
 c - 3 potions of curing {unknown}
 h - a potion of haste {unknown}
 k - a potion of heal wounds {unknown}
 l - 2 potions of berserk rage {unknown}
 n - 2 potions of brilliance {unknown}
 o - 3 potions of flight {unknown}
 p - a potion of invisibility {unknown}
 q - 2 potions of might {unknown}
 r - a potion of cancellation {unknown}
 s - a potion of mutation {unknown}
 t - a potion of lignification {unknown}
Comestibles
 d - 9 rations


   Skills:
 + Level 6.9 Short Blades
 + Level 8.9 Dodging
 + Level 9.3 Stealth
 + Level 7.9 Spellcasting
 - Level 2.0 Conjurations
 + Level 8.3 Hexes
 - Level 1.0 Ice Magic
 * Level 4.1 Evocations


You had 11 spell levels left.
You knew the following spells:

 Your Spells              Type           Power        Failure   Level  Hunger
a - Corona                Hex            #####..      1%          1    None
b - Tukima's Dance        Hex            #####...     1%          3    None
c - Confuse               Hex            #####...     1%          3    None
v - Dazzling Spray        Conj/Hex       ####..       3%          3    None
x - Ensorcelled Hibernat  Hex/Ice        ####..       1%          2    None

Your spell library contained the following spells:

 Spells                   Type           Power        Failure   Level  Hunger
 Summon Small Mammal      Summ           #...         10%         1    None
 Summon Ice Beast         Ice/Summ       #.......     58%         4    ###....
 Call Imp                 Summ           #.......     14%         2    None
 Call Canine Familiar     Summ           #.......     28%         3    None
 Summon Lightning Spire   Summ/Air       #.......     67%         4    ###....
 Summon Guardian Golem    Hex/Summ       ###.....     4%          3    None


Dungeon Overview and Level Annotations

Branches:
Dungeon (8/15)             Temple (1/1) D:5
   Lair: D:8-11

Altars:
Cheibriados
Dithmenos
Elyvilon
Fedhas
Gozag
Hepliaklqana
Kikubaaqudgha
Okawaru
Qazlal
Trog
Xom

Annotations:
D:8 Grum


Innate Abilities, Weirdness & Mutations

You are very small and have problems with some larger weapons.
You are too small for most types of armour.
You have supernaturally acute eyesight. (SInv)
You are a herbivore.
You cover ground extremely quickly.
You need to consume almost no food.


Message History

The orc completely misses you.
The orc warrior hits you with a scimitar!
You hear a shout! x2
Casting: Ensorcelled Hibernation (safe; 1% risk of failure)
Confirm with . or Enter, or press ? or * to list all spells.
Aiming: Dazzling Spray (safe; 3% risk of failure)
Press: ? - help, Shift-Dir - straight line, f - orc
Aim: an orc, wielding a club and wearing a leather armour The spray of energy hits the orc.
You kill the orc!
The spray of energy hits the orc warrior.
The orc warrior is dazzled.
You closely miss the orc warrior.
Things that are here:
6 gold pieces; a club; a leather armour You hit the orc warrior but do no damage.
The orc warrior hits you with a scimitar!!
Ouch! That really hurt!
You die...
Your body crumbles into a pile of gold.

....o..# .....o##
#....).##
#.......###
#.........##
#..........#
#...........##
#...........o##
#......##...@.#
#.##..<###....##
...##.....##$...#
####
#...)...##...#
...
#...#.....#.##
#.##..####.....#
#.....#####....#
###.....# ##....#
##......## ###.##


You could see an orc warrior (blind) and an orc priest.

Vanquished Creatures
  The ghost of Aviak the Shield-Bearer, a novice FoFi (D:7)
  The ghost of Hebeh the Covered, a novice MiFi of Trog (D:6)
  A gargoyle (D:6)
  A hippogriff (D:7)
  2 orc warriors (D:6)
  2 ice beasts
  4 ogres
  3 phantoms (D:7)
  A big kobold (D:4)
  3 bullfrogs (D:7)
  A scorpion (D:7)
  A bullfrog zombie (D:6)
  7 hounds
  2 jellies
  2 centaur skeletons
  4 orc priests
  5 orc wizards
  6 worker ants
  7 adders
  4 shadow imps
  An ooze (D:5)
  An adder zombie (D:5)
  3 worms
  4 dart slugs
  3 leopard geckos
  18 orcs
  7 bats
  7 giant cockroaches
  7 goblins
  5 hobgoblins
  3 jackals (D:3)
  A quokka (D:4)
  A ball python (D:2)
  4 frilled lizards
  3 kobolds
  A leopard gecko zombie (D:7)
  10 rats
137 creatures vanquished.

Vanquished Creatures (others)
  3 fungi (D:5)
3 creatures vanquished.

Grand Total: 140 creatures vanquished

Notes
Turn   | Place    | Note
-------+----------+-------------------------------------------
     0 | D:1      | Mamutox the Spriggan Enchanter began the quest for the Orb.
     0 | D:1      | Reached XP level 1. HP: 9/9 MP: 5/5
   632 | D:1      | Reached XP level 2. HP: 7/13 MP: 6/6
   636 | D:1      | Learned a level 2 spell: Ensorcelled Hibernation
  1658 | D:2      | Found a white marble altar of Elyvilon.
  1659 | D:2      | Reached XP level 3. HP: 16/16 MP: 2/8
  1884 | D:2      | Found a stormy altar of Qazlal.
  2055 | D:3      | Reached skill level 1 in Ice Magic
  2227 | D:3      | Reached XP level 4. HP: 21/21 MP: 5/10
  2701 | D:3      | Noticed a moth of wrath
  2824 | D:3      | Found a bloodstained altar of Trog.
  3167 | D:4      | HP: 1/21 [orc wizard/magic dart (8)]
  3516 | D:4      | Reached XP level 5. HP: 24/24 MP: 2/11
  3963 | D:4      | Reached skill level 5 in Hexes
  4008 | D:4      | Learned a level 3 spell: Confuse
  4012 | D:4      | Learned a level 3 spell: Dazzling Spray
  4016 | D:4      | Learned a level 3 spell: Tukima's Dance
  4022 | D:4      | Found a hazy altar of Hepliaklqana.
  4091 | D:4      | Noticed an ogre
  4098 | D:4      | Killed an ogre
  4098 | D:4      | Reached XP level 6. HP: 28/28 MP: 13/13
  4244 | D:5      | Entered Level 5 of the Dungeon
  4276 | D:5      | Reached skill level 5 in Dodging
  4400 | D:5      | Found a staircase to the Ecumenical Temple.
  4407 | Temple   | Entered the Ecumenical Temple
  4441 | Temple   | Became a worshipper of Gozag Ym Sagoz the Greedy
  4563 | D:5      | Reached skill level 5 in Spellcasting
  4579 | D:5      | Reached skill level 5 in Stealth
  4579 | D:5      | Reached XP level 7. HP: 32/32 MP: 12/15
  5240 | D:6      | Reached skill level 6 in Stealth
  5312 | D:6      | You fall through a shaft!
  5387 | D:7      | Reached skill level 1 in Conjurations
  5387 | D:7      | Reached XP level 8. HP: 36/36 MP: 7/17
  5475 | D:7      | Found a large runed door.
  5475 | D:7      | Found a large runed door.
  5479 | D:7      | Noticed Aviak's ghost (novice FoFi)
  5642 | D:6      | Reached skill level 5 in Short Blades
  5882 | D:6      | Found a runed door.
  5882 | D:6      | Noticed Hebeh's ghost (novice MiFi)
  6096 | D:6      | Killed Hebeh's ghost
  6096 | D:6      | Reached skill level 7 in Stealth
  6328 | D:6      | Found an iron altar of Okawaru.
  6328 | D:6      | Noticed a gargoyle
  6613 | D:6      | Reached XP level 9. HP: 39/39 MP: 16/20
  6635 | D:6      | Killed a gargoyle
  6635 | D:6      | Reached skill level 8 in Stealth
  7093 | D:7      | You fall through a shaft!
  7093 | D:8      | Noticed Grum
  7258 | D:7      | Reached skill level 1 in Evocations
  7751 | D:7      | Killed Aviak's ghost
  7751 | D:7      | Reached skill level 9 in Stealth
  7966 | D:8      | Slain by an orc warrior

Vault maps used:
D:1:      dpeg_arrival_shelter, serial_forest, infiniplex_forest_clump_C,
          infiniplex_forest_end_double, infiniplex_forest_split,
          infiniplex_forest_fountain, infiniplex_forest_zigzag_2,
          infiniplex_forest_straight_2, infiniplex_forest_clump_diagonal,
          infiniplex_forest_lined_3, infiniplex_forest_clump_diagonal,
          infiniplex_forest_lined_ring, skrybe_limestone_x
D:2:      old_standard_altar, marbit_many_paths
D:3:      first_ration, tgw_trog
D:4:      kennysheep_mini_moat
D:5:      minmay_temple_entry_fiery, serial_aquarium, aquarium_bridge_square,
          aquarium_window_1, aquarium_window_fake, aquarium_view_2c,
          aquarium_view_2e, aquarium_balcony_3a, aquarium_pool_1,
          small_statue_intersection
D:6:      okawaru_trees_1, gammafunk_ghost_grave
D:7:      ebering_ghost_disaster_area
D:8:      hangedman_cross_stitches, nicolae_ru_sacrificial_ziggurat,
          overflow_temple_1_default, ebering_ghost_reflecting_pool,
          minivault_27, uniq_psyche, uniq_gastronok, uniq_grum, uniq_erica
Temple:   hc_temple_tempest_star

Skill      XL: |  1  2  3  4  5  6  7  8  9 |
---------------+----------------------------+-----
Hexes          | 4 5 6 7 8 |  8.3
Spellcasting   | 3 4 5 6 7 |  7.9
Ice Magic      | 1 |  1.0
Short Blades   | 2 3 4 5 6 |  6.9
Dodging        | 4 5 6 7 8 |  8.9
Stealth        | 5 6 7 9 |  9.3
Conjurations   | 1 2 |  2.0
Evocations     | 4 |  4.1

Action                   |  1- 3 |  4- 6 |  7- 9 || total
-------------------------+-------+-------+-------++-------
Melee: Dagger            |   168 |   109 |   143 ||   420
 Cast: Ensorcelled Hiber |    21 |    37 |    49 ||   107
       Confuse           |       |     1 |    30 ||    31
       Dazzling Spray    |       |       |     8 ||     8
 Stab: Sleeping          |    17 |    37 |    41 ||    95
       Confused          |       |     1 |    22 ||    23
       Invisible         |       |       |     4 ||     4
  Eat: Ration            |       |     2 |     2 ||     4
Armor: Robe              |    11 |     4 |     1 ||    16
Dodge: Dodged            |    96 |    67 |    77 ||   240

Table legend:
 A = Spawn XP
 B = Non-spawn XP
 C = Spawn XP percentage of total XP
 D = Spawn monster count
 E = Non-spawn monster count
 F = Spawn count percentage of total count
 G = Total turns spent on level
                    A         B        C        D         E        F      G
               +---------+---------+-------+---------+---------+-------+---------
         Total |       0 |    5258 |   0.0 |       0 |     137 |   0.0 |  7966
               +---------+---------+-------+---------+---------+-------+---------
           D:1 |       0 |      19 |   0.0 |       0 |      11 |   0.0 |  1168
           D:2 |       0 |      28 |   0.0 |       0 |      14 |   0.0 |   873
           D:3 |       0 |     106 |   0.0 |       0 |      31 |   0.0 |   902
           D:4 |       0 |     411 |   0.0 |       0 |      16 |   0.0 |  1301
           D:5 |       0 |     479 |   0.0 |       0 |      12 |   0.0 |  1147
           D:6 |       0 |    2078 |   0.0 |       0 |      28 |   0.0 |  1037
           D:7 |       0 |    2074 |   0.0 |       0 |      20 |   0.0 |  1357
           D:8 |       0 |      63 |   0.0 |       0 |       5 |   0.0 |   137
               +---------+---------+-------+---------+---------+-------+---------
